 Dungeon Crawl Stone Soup version 0.27-a0-345-g7370b58738 (webtiles) character file.

Game seed: 2112086219549853429

1031 Chiseanne the Covert (level 8, 37/37 HPs)
             Began as a Spriggan Brigand on Feb 15, 2021.
             Quit the game on level 2 of the Dungeon.
             The game lasted 00:17:46 (4308 turns).

Chiseanne the Covert (Spriggan Brigand)             Turns: 4308, Time: 00:17:47

Health: 37/37      AC:  7    Str:  7    XL:     8   Next: 3%
Magic:  9/9        EV: 22    Int: 12    God:
Gold:   147        SH:  0    Dex: 19    Spells: 7/7 levels left

rFire    + . .     SeeInvis +   e - +3 dagger
rCold    + . .     Faith    .   (shield restricted)
rNeg     . . .     Spirit   .   A - +0 robe {rC+ rF+}
rPois    .         Reflect  .   (helmet restricted)
rElec    .         Harm     .   c - +0 cloak
rCorr    .         Rampage  .   (gloves unavailable)
Will     +....                  (boots unavailable)
Stlth    +++++.....             (no amulet)
HPRegen  0.12/turn              n - +4 ring of protection
MPRegen  0.11/turn              (no ring)

@: very quick
A: very small, unfitting armour, see invisible, speed 3
a: no special abilities


You were on level 2 of the Dungeon.
You visited 2 branches of the dungeon, and saw 7 of its levels.

You collected 147 gold pieces.

Inventory:

Hand Weapons
 a - a +2 dagger
 e - a +3 dagger (weapon)
 v - a +0 whip of venom
 z - a +0 whip of electrocution
Missiles
 d - 40 poisoned darts (quivered)
 f - a stone
 g - 26 sling bullets
 h - 25 bolts
 m - 8 boomerangs
 t - 61 arrows
 y - 2 curare-tipped darts
Armour
 c - a +0 cloak (worn)
 A - a +0 robe of resistance (worn)
Jewellery
 n - a +4 ring of protection (left hand)
 u - a ring of wizardry
Wands
 p - a wand of flame (32)
 x - a wand of digging (1)
Scrolls
 b - a scroll of fog {unknown}
 l - 4 scrolls of teleportation
 s - a scroll of magic mapping {unknown}
 w - 3 scrolls of identify
Potions
 i - 2 potions of flight {unknown}
 j - 3 potions of haste
 k - a potion of cancellation {unknown}
 o - a potion of magic {unknown}
 q - 2 potions of heal wounds
 r - 2 potions of berserk rage {unknown}


   Skills:
 - Level 1.5 Fighting
 + Level 5.4 Short Blades
 - Level 2.0 Throwing
 + Level 6.1 Dodging
 * Level 11.6 Stealth


You had 7 spell levels left.
You didn't know any spells.
Your spell library was empty.

Dungeon Overview and Level Annotations

Branches:
Dungeon (6/15)             Temple (1/1) D:4

Altars:
Ashenzari
Cheibriados
Dithmenos
Elyvilon
Kikubaaqudgha
Makhleb
Nemelex Xobeh
Okawaru
Qazlal
Ru
Sif Muna
Trog
Uskayaw
Vehumet
Xom
Yredelemnul
Zin


Innate Abilities, Weirdness & Mutations

You are very small and have problems with some larger weapons.
You are too small for most types of armour.
You have supernaturally acute eyesight. (SInv)
You cover ground extremely quickly.


Message History

A bat is nearby!
A kobold comes into view. It is wielding a +0 short sword.
You hit the bat.
You kill the bat!
You see here a bat corpse.
A ball python zombie comes into view.
You see here 9 bolts.
The helpless kobold fails to defend itself.
You perforate the kobold like a sieve!!!!
You kill the kobold!
You hit the ball python zombie.
The ball python zombie is moderately damaged.
The ball python zombie bites you but does no damage.
The ball python zombie misses you.
You closely miss the ball python zombie.
The ball python zombie is moderately damaged.
The ball python zombie completely misses you.
The ball python zombie barely misses you.
You hit the ball python zombie but do no damage.
The ball python zombie is moderately damaged.
You hit the ball python zombie.
The ball python zombie is severely damaged.
The ball python zombie bites you but does no damage.
The ball python zombie misses you.
You hit the ball python zombie.
You destroy the ball python zombie!
No target in view!
No target in view!
Things that are here:
a +0 short sword; a kobold corpse
h - 25 bolts (gained 9)
Found a falchion.
You see here a ring mail.
There is a stone staircase leading down here.
There is an open door here.
There is an open door here.
There is an open door here.
There is a sparkling altar of Nemelex Xobeh here.
Done exploring.
Are you sure you want to abandon this character and quit the game? (Confirm with "yes".)

#.##.#.#### ###..P
#....#.####
###########..
######....#
#.......# #.# ####.#
#.......###..
#.######........###.
#......'........# #.
########........# #.
###8###........# ##
#.@._.#.......### #
##§..##.........# #
#§.≈##....#.######
##'##.......# #.#
#....#.....###.##
######.....##..#.
#.....##....
##'#####....
#.#........


There were no monsters in sight!

Vanquished Creatures
  Pikel (D:5)
  A phantom (D:5)
  A kobold brigand (D:5)
  2 hounds (D:5)
  An iguana (D:5)
  Natasha (thrice) (D:2)
  5 worker ants
  5 adders
  A howler monkey skeleton (D:5)
  A shadow imp (D:5)
  A white imp (D:5)
  An ooze (D:5)
  An adder zombie (D:5)
  2 worms
  A dart slug (D:1)
  A leopard gecko (D:1)
  6 orcs
  2 bat skeletons (D:2)
  A bat zombie (D:2)
  6 giant cockroaches
  7 goblins
  6 hobgoblins
  12 kobolds
  2 ball pythons
  A ball python zombie (D:2)
  13 bats
  3 frilled lizards (D:2)
  A jackal zombie (D:2)
  A quokka skeleton (D:5)
  3 rats (D:1)
92 creatures vanquished.

Vanquished Creatures (others)
  3 withered plants (D:2)
3 creatures vanquished.

Grand Total: 95 creatures vanquished

Notes
Turn   | Place    | Note
-------+----------+-------------------------------------------
     0 | D:1      | Chiseanne the Spriggan Brigand began the quest for the Orb.
     0 | D:1      | Reached XP level 1. HP: 10/10 MP: 2/2
    61 | D:1      | Reached skill level 6 in Stealth
   174 | D:1      | Reached XP level 2. HP: 14/14 MP: 3/3
   446 | D:2      | Noticed Natasha
   448 | D:2      | Killed Natasha
   449 | D:2      | Reached skill level 7 in Stealth
   449 | D:2      | Reached XP level 3. HP: 13/18 MP: 4/4
   640 | D:2      | Found a sparkling altar of Nemelex Xobeh.
   641 | D:2      | Found an ancient bone altar of Kikubaaqudgha.
   888 | D:3      | Reached XP level 4. HP: 18/22 MP: 5/5
  1650 | D:4      | Found a staircase to the Ecumenical Temple.
  1659 | Temple   | Entered the Ecumenical Temple
  2488 | D:5      | Entered Level 5 of the Dungeon
  2566 | D:5      | Reached skill level 8 in Stealth
  2616 | D:5      | Reached XP level 5. HP: 20/25 MP: 6/6
  2766 | D:5      | Noticed a phantom
  2908 | D:5      | Killed a phantom
  2909 | D:5      | Reached skill level 9 in Stealth
  2909 | D:5      | Reached XP level 6. HP: 30/30 MP: 7/7
  3362 | D:5      | Noticed Pikel
  3394 | D:5      | Killed Pikel
  3395 | D:5      | Reached skill level 5 in Short Blades
  3395 | D:5      | Reached skill level 5 in Dodging
  3395 | D:5      | Reached skill level 11 in Stealth
  3395 | D:5      | Reached XP level 7. HP: 12/33 MP: 8/8
  3939 | D:2      | Noticed Natasha
  3969 | D:2      | Killed Natasha
  3983 | D:2      | Noticed Natasha
  3987 | D:2      | Killed Natasha
  3988 | D:2      | Reached XP level 8. HP: 32/37 MP: 9/9
  4140 | D:2      | Found a shadowy altar of Dithmenos.
  4308 | D:2      | Quit the game

Illustrated notes

Levels and vault maps discovered:
D:1:      minmay_arrival_floating_metal, layout_rooms
D:2:      layout_basic, gammafunk_temple_overflow_statue, serial_undead,
          serial_undead_b, serial_undead_a, serial_undead_c, serial_undead_c,
          serial_undead_f, serial_undead_c, minmay_statues_item,
          nicolae_dithmenos_shadow_blocks, uniq_natasha
D:3:      layout_basic, gup_sewer_entry_bowl, minmay_misc_feat_alley,
          uniq_sigmund
D:4:      layout_basic, minmay_temple_entry_arrows
D:5:      layout_loops_cross, serial_glass, glass_columns_b, glass_columns_a,
          uniq_pikel
D:6:      layout_basic, gammafunk_ghost_nasty_kobolds, grunt_qazlal_sundering,
          uniq_edmund
Temple:   eino_wide_crystal_templ

Skill      XL: |  1  2  3  4  5  6  7 |
---------------+----------------------+-----
Stealth        | 6 7 8 9 11 | 11.6
Dodging        | 2 3 4 5 6 |  6.1
Short Blades   | 3 4 5 |  5.4
Fighting       | |  1.5
Throwing       | |  2.0

Action                   |  1- 3 |  4- 6 |  7- 9 || total
-------------------------+-------+-------+-------++-------
Melee: Dagger            |    65 |   200 |    72 ||   337
Throw: Dart              |    32 |    47 |    14 ||    93
  Use: Scroll            |     1 |     4 |       ||     5
 Stab: Sleeping          |    12 |     7 |     6 ||    25
Armor: Robe              |     5 |    24 |    13 ||    42
Dodge: Dodged            |    60 |   132 |    69 ||   261

Table legend: (Time is in decaauts)
 A = Elapsed time spent in this place.
 B = Non-inter-level travel time spent in this place.
 C = Inter-level travel time spent in this place.
 D = Time resting spent in this place.
 E = Time spent auto-exploring this place.
 F = Levels seen in this place.
 G = Mean time per level.
                   A        B        C        D        E       F      G
               +--------+--------+--------+--------+--------+-----+--------+
         Total |   3172 |   3037 |    135 |    860 |    553 |   7 |  453.1 |
       Dungeon |   3135 |   3009 |    126 |    860 |    526 |   6 |  522.5 |
        Temple |     37 |     28 |      9 |      0 |     27 |   1 |   37.0 |
               +--------+--------+--------+--------+--------+-----+--------+

Top non-repeatable levels by time:
     D:4: 1126 daAuts
     D:5: 969 daAuts
     D:2: 502 daAuts
     D:1: 358 daAuts
     D:3: 176 daAuts
  Temple: 37 daAuts
     D:6: 1 daAuts
